 Dungeon Crawl Stone Soup version 0.28.0-1-gb440e238dd (webtiles) character file.

Game seed: 11781538287942683220

23 MacCMillion the Covered (level 2, 27/27 HPs)
             Began as a Minotaur Fighter on Feb 18, 2022.
             Was a Follower of Kikubaaqudgha.
             Quit the game on level 1 of the Dungeon.
             The game lasted 00:01:38 (791 turns).

MacCMillion the Covered (Minotaur Fighter)           Turns: 791, Time: 00:01:38

Health: 27/27      AC:  7    Str: 20    XL:     2   Next: 72%
Magic:  1/1        EV:  9    Int:  5    God:    Kikubaaqudgha [*.....]
Gold:   31         SH:  4    Dex:  9    Spells: 1/1 levels left

rFire   . . .      SeeInvis .   a - +0 war axe
rCold   . . .      Faith    .   c - +0 buckler
rNeg    . . .      Spirit   .   b - +0 scale mail
rPois   .          Reflect  .   (helmet restricted)
rElec   .          Harm     .   (no cloak)
rCorr   .          Rampage  .   (no gloves)
Will    .....                   (no boots)
Stlth   ..........              (no amulet)
HPRegen 0.09/turn               (no ring)
MPRegen 0.07/turn               (no ring)

@: no status effects
A: horns 2, retaliatory headbutt
a: Renounce Religion, Receive Corpses


You were on level 1 of the Dungeon.
You worshipped Kikubaaqudgha.
Kikubaaqudgha was aware of your devotion.
You visited 1 branch of the dungeon, and saw 2 of its levels.

You collected 31 gold pieces.

Inventory:

Hand Weapons
 a - a +0 war axe (weapon)
Armour
 b - a +0 scale mail (worn)
 c - a +0 buckler (worn)
Scrolls
 h - a scroll of teleportation {unknown}
 i - a scroll of immolation {unknown}
Potions
 d - a potion of might
 e - a potion of invisibility {unknown}
 f - a potion of lignification {unknown}
 g - 2 potions of heal wounds {unknown}


   Skills:
 + Level 3.9 Fighting
 + Level 2.9 Axes
 + Level 4.0 Armour
 - Level 4.0 Shields


You had one spell level left.
You didn't know any spells.
Your spell library contained the following spells:

 Spells                   Type           Power      Damage    Failure   Level
 Animate Skeleton         Necr           0%         N/A       89%         1
 Pain                     Necr           0%         1d4       89%         1
 Corpse Rot               Necr/Air       0%         N/A       96%         2
 Sublimation of Blood     Necr           0%         N/A       96%         2


Dungeon Overview and Level Annotations

Branches:
Dungeon (2/15)

Altars:
Kikubaaqudgha


Innate Abilities, Weirdness & Mutations

You have a pair of horns on your head.
You reflexively headbutt those who attack you in melee.


Message History

You hit the quokka.
The quokka is almost dead.
The quokka closely misses you.
You hit the quokka.
You kill the quokka!
No target in view!
You see here a +0 spear.
Things that are here:
a +0 dagger; 5 stones
There is a shaft here.
A ball python comes into view.
The ball python hisses angrily.
A ball python is nearby!
You barely miss the ball python. The ball python closely misses you.
The ball python barely misses you.
You slash the ball python!
You kill the ball python!
No target in view!
No target in view!
You now have 31 gold pieces (gained 9).
There is a shaft here.
Done exploring.
Done exploring.
Done exploring.
There is a stone staircase leading down here.
You climb downwards.
Found 10 gold pieces.
There is a stone staircase leading up here.
You climb upwards.
There is a stone staircase leading down here.
There is a faded altar of an unknown god here.
You cannot tell which god this altar belongs to.
Convert to them anyway?
Okay, then.
You cannot tell which god this altar belongs to.
Convert to them anyway?
Kikubaaqudgha accepts your prayer! Kikubaaqudgha welcomes you!
You can now receive cadavers from Kikubaaqudgha.
Kikubaaqudgha grants you a gift!
You add the spells Animate Skeleton, Pain, Corpse Rot and Sublimation of Blood to your library.
Are you sure you want to abandon this character and quit the game? (Confirm with "yes".)

..###.#.#.#.#####.# ###.# #. ###
#...........#.# ##.#.# #.
#####.#.#.#.###.#.######....# #.
#.........#................####.
#...............>...............
#......####.##.#.#.###.....###.#
##......# #.##...#.# #.....# #.#
....##..# #.###.##.# #.#.#.# #.#
....##..####.##⌠@⌠#.# #.###.# #.#
............(.##.##.# #.###.###.#
#####.#.......#⌠_⌠#.###.#.....#.#
#^#######.##.##.....#.....#.# #
#.# #.#⌠.⌠#.####.......#. # #.#
#.##.##.# #......### # #.#
#.##.##.# #.......#. # #.#
#.##....# #.##.###.# #####.#
#.#####.# #.##.##...


There were no monsters in sight!

Vanquished Creatures
  2 dart slugs (D:1)
  4 endoplasms (D:1)
  A goblin (D:1)
  A hobgoblin (D:1)
  A quokka (D:1)
  3 ball pythons (D:1)
  2 bats (D:1)
  A frilled lizard (D:1)
  A kobold (D:1)
  4 rats (D:1)
20 creatures vanquished.

Notes
Turn   | Place    | Note
-------+----------+-------------------------------------------
     0 | D:1      | MacCMillion the Minotaur Fighter began the quest for the
                  | Orb.
     0 | D:1      | Reached XP level 1. HP: 19/19 MP: 0/0
    41 | D:1      | Found a faded altar of an unknown god.
   159 | D:1      | Reached XP level 2. HP: 27/27 MP: 1/1
   788 | D:1      | Prayed at the altar of an unknown god.
   788 | D:1      | Became a worshipper of Kikubaaqudgha
   788 | D:1      | Reached * piety under Kikubaaqudgha
   788 | D:1      | Received a gift from Kikubaaqudgha
   791 | D:1      | Quit the game

Illustrated notes

Levels and vault maps discovered:
D:1:      evilmike_arrival_grusome_pit, layout_loops_ring,
          ebering_ecumenical_altar_hall, minmay_tetromino_s2
D:2:      layout_loops_cross

Skill      XL: |  1  2 |
---------------+-------+-----
Armour         | 4 |  4.0
Shields        | 4 |  4.0
Fighting       | |  3.9
Axes           | |  2.9

Action                   || total
-------------------------++-------
Melee: War axe           ||    38
       Headbutt          ||     6
Armor: Scale mail        ||    13
Dodge: Dodged            ||    19
Block: Buckler           ||     7
